AoeStats
← Pwncakes

Nomad

509142322Analyzed
2v2 RM · 6d ago on Sep 25, 2026· 20m 41s· 4 players
Game mode
Random Map
Map size
176×176
Population
200
Speed
Normal
Resources
Standard
Victory
Conquest
Starting age
Dark Age
Ending age
Imperial Age
RankedLock teamsTeams togetherTeam positionsShared explorationLock speedFull tech treeHidden civsTurbo modeCheats
Victory
Defeat
🇲🇦 Spanish · Morocco
1538
+11
🇪🇸 Vikings · Spain
1537
+12
🇺🇸 Jurchens · United States
1473
-13
🇹🇷 Aztecs · Türkiye
1402
-10
SUDOX
12:10 Feudal Age
12:59 Loom
16:08 Castle Age
winstonx9
4:28 Loom
13:44 Feudal Age
18:01 Castle Age
16:02 Stone Mining
16:12 Double-Bit Axe
17:19 Fletching
18:12 Fishing Lines
19:45 Gillnets
20:54 Bow Saw
Pwncakes
12:29 Feudal Age
13:06 Loom
13:44 Gold Mining
13:39 Double-Bit Axe
14:03 Fishing Lines
15:08 Loom
20:28 Castle Age
20:23 Fletching
20:34 Padded Archer Armor
20:47 Bloodlines
ZeZe
5:09 Loom
13:06 Feudal Age
18:59 Castle Age
17:56 Fletching
17:51 Double-Bit Axe
18:20 Horse Collar
19:54 Bodkin Arrow
19:26 Crossbowman
Connection lost

Rejoining the realm…

Still unreachable

The connection could not be restored.

Session expired

The server has moved on; the page needs a fresh start.